 Dungeon Sprint DCSS version 0.16.1-28-gcc2312f (webtiles) character file.

739 Kidiri the Thaumaturge (level 7, -6/36 HPs)
             Began as a Deep Elf Necromancer on June 1, 2015.
             Was a High Priest of Kikubaaqudgha.
             Mangled by a jumping spider (7 damage)
             ... in the Dungeon (Sprint VII: "The Pits").
             The game lasted 00:09:31 (1428 turns).

Kidiri the Thaumaturge (Deep Elf Necromancer)       Turns: 1428, Time: 00:09:33

Health: -6/36      AC:  2    Str:  5    XL:     7   Next: 46%
Magic:  22/29      EV:  9    Int: 22    God:    Kikubaaqudgha [*****.]
Gold:   0          SH:  0    Dex: 15    Spells: 9 memorised, 4 levels left

rFire  . . .     SeeInvis .     r - staff of energy
rCold  . . .     Clarity  .     a - +0 robe
rNeg   . . .     SustAb   .     (no shield)
rPois  .         Gourm    .     (no helmet)
rElec  .         Spirit   .     (no cloak)
rCorr  .         Warding  .     (no gloves)
rMut   .         NoTele   +     (no boots)
MR     .....                    (no amulet)
Stlth  ++++......               (no ring)
                                (no ring)

@: held, not resistant to hostile enchantments, stealthy
A: no striking features
a: Receive Corpses, Torment, Renounce Religion


You were in the Dungeon.
You worshipped Kikubaaqudgha.
Kikubaaqudgha was extremely pleased with you.
You were not hungry.

You visited 1 branch

Inventory:

Hand weapons
 h - a +0 trident
 q - a +2 dagger
Armour
 a - a +0 robe (worn)
 s - a +3 ring mail
Magical staves
 r - an uncursed staff of energy (weapon)
Scrolls
 i - a scroll of blinking
 n - 2 scrolls of remove curse
 o - 5 scrolls of amnesia
 p - a scroll of summoning
Potions
 d - 5 potions of curing
 e - 3 potions of heal wounds
 f - a potion of haste
 g - 4 potions of magic
 m - 2 potions of invisibility
Books
 b - a book of Necromancy

   Spells                             Type                      Level
   a - Pain                           Necromancy                   1
   b - Animate Skeleton               Necromancy                   1
   c - Vampiric Draining              Necromancy                   3
   d - Regeneration                   Charms/Necromancy            3
   e - Animate Dead                   Necromancy                   4
   f - Control Undead                 Necromancy                   4
 j - Kikubaaqudgha's Compendium of Evil Rituals
   (Kikubaaqudgha gifted it to you in the Dungeon)

   Spells                             Type                      Level
   a - Pain                           Necromancy                   1
   b - Corpse Rot                     Necromancy                   2
   c - Sublimation of Blood           Necromancy                   2
   d - Vampiric Draining              Necromancy                   3
   e - Control Undead                 Necromancy                   4
 t - Kikubaaqudgha's Compendium of Dark Rituals
   (Kikubaaqudgha gifted it to you in the Dungeon)

   Spells                             Type                      Level
   a - Animate Dead                   Necromancy                   4
   b - Excruciating Wounds            Charms/Necromancy            5
   c - Bolt of Draining               Conjuration/Necromancy       5
   d - Dispel Undead                  Necromancy                   5
   e - Death Channel                  Necromancy                   6
Comestibles
 c - 8 bread rations
 k - 40 fruits
 l - 6 meat rations


   Skills:
 + Level 7.8 Dodging
 + Level 8.5 Stealth
 * Level 11.8 Spellcasting
 + Level 8.0 Charms
 * Level 11.5 Necromancy


You had 4 spell levels left.
You knew the following spells:

 Your Spells              Type           Power        Failure   Level  Hunger
a - Pain                  Necr           ####         1%          1    None
b - Animate Skeleton      Necr           N/A          1%          1    None
c - Vampiric Draining     Necr           ######....   1%          3    None
d - Regeneration          Chrm/Necr      ######....   1%          3    None
e - Animate Dead          Necr           N/A          1%          4    None
f - Control Undead        Necr           ######....   1%          4    None
g - Corpse Rot            Necr           N/A          1%          2    None
h - Sublimation of Blood  Necr           ######....   1%          2    None
i - Dispel Undead         Necr           ######..     1%          5    None


Dungeon Overview and Level Annotations

Branches:
Dungeon (1/1)

Altars:
Ashenzari
Cheibriados
Dithmenos
Elyvilon
Fedhas
Gozag
Kikubaaqudgha
Makhleb
Nemelex Xobeh
Okawaru
Qazlal
Ru
Sif Muna
Trog
Vehumet
Xom
Yredelemnul
Zin
The Shining One
Beogh
Jiyva
Lugonu


Message History

Kikubaaqudgha accepts your kill.
The jumping spider leaps!
Your yak zombie gores the orc!
The orc dies!
Kikubaaqudgha accepts your kill. The jumping spider pounces on you.
The jumping spider bites you.
Drink which item? (? for menu, Esc to quit)
You feel much better. The jumping spider pounces on you!
You are caught in a web!
The jumping spider closely misses you.
Casting: Pain
Confirm with . or Enter, or press ? or * to list all spells.
Aiming: Pain
Press: ? - help, Shift-Dir - straight line, f - jumping spider
Aim: a jumping spider (chance 84%)
The jumping spider convulses in agony!
The jumping spider pounces on you!
* * * LOW HITPOINT WARNING * * *
You are even more entangled.
The jumping spider bites you.
* * * LOW HITPOINT WARNING * * *
The jumping spider pounces on you!
You die...
Kikubaaqudgha rasps: "You have failed me!
Welcome... death!"

#.#.....#'###...<...#
#.#........##.......#
#[#....(...##.......#
#'###########.......#
#...)...#.. #########
#..#.#..#.# ####
#.##.##.#.#....#
#.......#s#....#
#.##.##.#@Z)...+
#..#.#..#)#....#
#...)..)'.# ...#
########### ###


You could see a jumping spider and a friendly yak zombie.

Vanquished Creatures
  A yak (D)
  A fire bat (D)
  A wolf (D)
  An ogre (D)
  A giant frog (D)
  A wight (D)
  A jelly (D)
  An orc priest (D)
  A worker ant (D)
  2 ufetubi (D)
  2 giant geckos (D)
  2 orcs (D)
  A kobold (D)
  A quokka (D)
  A goblin (D)
  A rat (D)
19 creatures vanquished.

Vanquished Creatures (collateral kills)
  2 wights (D)
  An orc wizard (D)
  An orc priest (D)
  An orc (D)
  4 jackals (D)
9 creatures vanquished.

Vanquished Creatures (others)
  An ogre zombie (D)
  A giant gecko zombie (D)
  A goblin skeleton (D)
  A jackal zombie (D)
  An orc skeleton (D)
  A rat skeleton (D)
6 creatures vanquished.

Grand Total: 34 creatures vanquished

Notes
Turn   | Place    | Note
--------------------------------------------------------------
     0 | D        | Kidiri, the Deep Elf Necromancer, began the quest for the Orb.
     0 | D        | Reached XP level 1. HP: 10/10 MP: 5/5
     2 | D        | Learned a level 1 spell: Animate Skeleton
    17 | D        | Reached skill level 5 in Necromancy
    29 | D        | Found a sacrificial altar of Ru.
    29 | D        | Found a basalt altar of Yredelemnul.
    29 | D        | Found a shadowy altar of Dithmenos.
    29 | D        | Found a deep blue altar of Sif Muna.
    29 | D        | Found a burning altar of Makhleb.
    29 | D        | Found a shimmering altar of Xom.
    29 | D        | Found an ancient bone altar of Kikubaaqudgha.
    29 | D        | Found a sparkling altar of Nemelex Xobeh.
    30 | D        | Found a glowing golden altar of the Shining One.
    30 | D        | Found a bloodstained altar of Trog.
    30 | D        | Found a shattered altar of Ashenzari.
    30 | D        | Found a white marble altar of Elyvilon.
    30 | D        | Found a snail-covered altar of Cheibriados.
    30 | D        | Found a blossoming altar of Fedhas.
    30 | D        | Found a radiant altar of Vehumet.
    30 | D        | Found a glowing silver altar of Zin.
    30 | D        | Found a corrupted altar of Lugonu.
    30 | D        | Found a viscous altar of Jiyva.
    30 | D        | Found a roughly hewn altar of Beogh.
    30 | D        | Found an iron altar of Okawaru.
    44 | D        | Found a stormy altar of Qazlal.
    45 | D        | Found an opulent altar of Gozag.
    55 | D        | Became a worshipper of Kikubaaqudgha
   360 | D        | Acquired Kikubaaqudgha's first power
   360 | D        | Received a gift from Kikubaaqudgha
   360 | D        | Reached XP level 2. HP: 15/15 MP: 7/9
   363 | D        | Identified Kikubaaqudgha's Compendium of Evil Rituals (Kikubaaqudgha gifted it to you in the Dungeon)
   420 | D        | Noticed a worker ant
   422 | D        | Killed a worker ant
   422 | D        | Reached skill level 5 in Spellcasting
   422 | D        | Reached skill level 6 in Necromancy
   422 | D        | Reached XP level 3. HP: 17/19 MP: 10/14
   428 | D        | Learned a level 3 spell: Vampiric Draining
   432 | D        | Learned a level 3 spell: Regeneration
   450 | D        | Acquired Kikubaaqudgha's second power
   694 | D        | Noticed a wight
   695 | D        | Noticed a jelly
   712 | D        | Killed a wight
   712 | D        | Reached skill level 7 in Necromancy
   712 | D        | Reached XP level 4. HP: 7/24 MP: 15/18
   733 | D        | Learned a level 4 spell: Animate Dead
   738 | D        | Learned a level 4 spell: Control Undead
   939 | D        | Killed a jelly
   939 | D        | Received a gift from Kikubaaqudgha
   939 | D        | Reached skill level 5 in Stealth
   939 | D        | Reached skill level 8 in Necromancy
   940 | D        | Identified Kikubaaqudgha's Compendium of Dark Rituals (Kikubaaqudgha gifted it to you in the Dungeon)
   944 | D        | Learned a level 2 spell: Corpse Rot
   988 | D        | Noticed an ogre
   988 | D        | Noticed a wight
   990 | D        | Noticed a giant frog
   990 | D        | Noticed a fire bat
   994 | D        | Killed an ogre
   994 | D        | Reached skill level 5 in Dodging
   994 | D        | Reached skill level 9 in Necromancy
   994 | D        | Reached XP level 5. HP: 8/28 MP: 10/23
   996 | D        | Killed a fire bat
   996 | D        | Reached skill level 10 in Spellcasting
   996 | D        | Reached skill level 10 in Necromancy
   996 | D        | Reached XP level 6. HP: 19/32 MP: 4/26
   999 | D        | Killed a wight
  1011 | D        | Killed a giant frog
  1061 | D        | Noticed a wight
  1064 | D        | Killed a wight
  1245 | D        | Learned a level 2 spell: Sublimation of Blood
  1251 | D        | Learned a level 5 spell: Dispel Undead
  1251 | D        | Noticed a wolf
  1262 | D        | Killed a wolf
  1262 | D        | Acquired Kikubaaqudgha's third power
  1262 | D        | Reached skill level 11 in Spellcasting
  1262 | D        | Reached XP level 7. HP: 31/36 MP: 23/28
  1300 | D        | Noticed a yak
  1308 | D        | Killed a yak
  1405 | D        | Acquired Kikubaaqudgha's fourth power
  1413 | D        | Noticed an orc priest
  1413 | D        | Noticed an orc priest
  1413 | D        | Noticed an orc wizard
  1413 | D        | Noticed a jumping spider
  1417 | D        | Killed an orc wizard
  1420 | D        | Killed an orc priest
  1422 | D        | Killed an orc priest
  1428 | D        | HP: 1/36 [jumping spider (6)]
  1428 | D        | Mangled by a jumping spider

Action                   |  1- 3 |  4- 6 |  7- 9 || total
-------------------------+-------+-------+-------++-------
Melee: Dagger            |    18 |     1 |       ||    19
       Unarmed           |     1 |       |       ||     1
       Staff             |       |     4 |       ||     4
 Cast: Pain              |    10 |    12 |    11 ||    33
       Animate Skeleton  |     3 |       |       ||     3
       Vampiric Draining |       |     5 |     3 ||     8
       Animate Dead      |       |     2 |     2 ||     4
  Use: Potion            |     4 |     2 |     1 ||     7
       Scroll            |       |     1 |       ||     1
  Eat: Meat ration       |     1 |       |       ||     1
